 Dungeon Crawl Stone Soup version 0.30-a0-757-ga6a79fd877 (webtiles) character file.

Game seed: 14824644218026799073

343 Iich the Chopper (level 6, -7/57 HPs)
             Began as a Minotaur Fighter on Feb 9, 2023.
             Mangled by Edmund
             ... wielding a +4 heavy dire flail
              (16 damage)
             ... on level 4 of the Dungeon.
             The game lasted 00:05:03 (2715 turns).

Iich the Chopper (Minotaur Fighter)                 Turns: 2715, Time: 00:05:03

Health: -7/57      AC: 12    Str: 20    XL:     6   Next: 31%
Magic:  5/5        EV:  9    Int:  5    God:
Gold:   373        SH:  4    Dex: 12    Spells: 5/5 levels left

rFire   . . .      SeeInvis .    a - +0 war axe
rCold   . . .      Faith    .    c - +0 buckler
rNeg    . . .      Spirit   .    b - +0 scale mail
rPois   .          Reflect  .    (helmet restricted)
rElec   .          Harm     .    n - +2 cloak
rCorr   .          Rampage  .    h - +0 pair of gloves
Will    .....                    q - +0 pair of boots Stlth
                                 (no amulet)
HPRegen 0.29/turn                (no ring)
MPRegen 0.09/turn                (no ring)

@: about to teleport
A: horns 2, retaliatory headbutt
a: no special abilities


You were on level 4 of the Dungeon.
You visited 1 branch of the dungeon, and saw 4 of its levels.

You collected 373 gold pieces.

Inventory:

Hand Weapons
 a - a +0 war axe (weapon)
Armour
 b - a +0 scale mail (worn)
 c - a +0 buckler (worn)
 h - a +0 pair of gloves (worn)
 n - a +2 cloak (worn)
 q - a +0 pair of boots (worn)
Wands
 u - a wand of polymorph (6)
 w - a wand of roots (6)
Scrolls
 g - a scroll of torment
 j - a scroll of noise
 k - a scroll of silence
 o - a scroll of summoning
 p - 4 scrolls of immolation {unknown}
 s - a scroll of fear
 x - a scroll of enchant weapon {unknown}
Potions
 d - a potion of might
 f - a potion of flight {unknown}
 i - a potion of magic {unknown}
 l - a potion of brilliance {unknown}
 m - a potion of curing
 r - a potion of heal wounds {unknown}
 t - a potion of haste {unknown}
 v - 2 potions of lignification {unknown}


   Skills:
 + Level 5.7 Fighting
 * Level 6.8 Axes
 - Level 3.6 Armour
 - Level 3.6 Shields


You had 5 spell levels left.
You didn't know any spells.
Your spell library was empty.

Dungeon Overview and Level Annotations

Branches:
Dungeon (4/15)
 Temple: D:4-7

Altars:
Cheibriados
Okawaru

Shops:
D:3 :

Annotations:
D:4 Edmund


Innate Abilities, Weirdness & Mutations

You have a pair of horns on your head.
You reflexively headbutt those who attack you in melee.


Message History

Edmund hits you with a +4 heavy dire flail!!
* * * LOW HITPOINT WARNING * * *
Something hits you but does no damage.
You hear a shout!
You hit Edmund but do no damage. You headbutt Edmund, but do no damage.
Edmund is lightly wounded.
You closely miss something.
You hear some strange, mumbled words.
A magic dart appears from out of thin air!
The magic dart hits you.
* * * LOW HITPOINT WARNING * * *
Edmund barely misses you.
Unknown command.
You hit Edmund.
Edmund is moderately wounded.
You barely miss something. Something hits you but does no damage.
You feel better. Edmund hits you but does no damage.
A kobold comes into view. It is wielding a +0 whip.
Something hits you.
* * * LOW HITPOINT WARNING * * *
Aiming: Fastroot
Press: ? - help, Q - select action, (/) - cycle Shift-Dir - straight line, f - Edmund
Aim: Edmund, wielding a +4 heavy dire flail, wearing a +0 chain mail and carrying a wand of digging (2) (moderately wounded)
The roots erupt in riotous growth!
Roots grab Edmund.
The grasping roots constrict Edmund.
You hear a shout!
You hear some strange, mumbled words.
Something tries to affect you, but you resist.
Edmund hits you with a +4 heavy dire flail!
* * * LOW HITPOINT WARNING * * *
Aiming: Polymorph
Press: ? - help, Q - select action, (/) - cycle Shift-Dir - straight line, p - Edmund Nothing appears to happen.
The grasping roots constrict Edmund!
The roots release their grip on Edmund.
Something hits you but does no damage.
As you read the scroll of teleportation, it crumbles to dust.
You feel strangely unstable.
Edmund hits you with a +4 heavy dire flail!
You die...

....#.....#).#
#.#
###.#.##.....#
#.# #.#.
#.###.##.#.. .#
#.#..)...#.#
..#..#####.#
####....#.).###
#...<#...).#
##.###@{)#.......
#.....@)####.#.#
###.#.K## .#
#....#
...............
#...######.....
##.# ..... #.
+8.. # #.. #


You could see Edmund and a kobold.

Vanquished Creatures
  A scorpion (D:4)
  2 iguanas
  Jessica (D:3)
  Ijyb (D:4)
  An orc wizard (D:4)
  6 adders
  2 worms
  5 dart slugs
  8 orcs
  6 endoplasms
  5 giant cockroaches
  10 goblins
  8 hobgoblins
  8 jackals (D:1)
  4 ball pythons
  6 bats
  A frilled lizard (D:2)
  5 kobolds
  A rat (D:2)
81 creatures vanquished.

Vanquished Creatures (others)
  6 toadstools (D:3)
6 creatures vanquished.

Grand Total: 87 creatures vanquished

Notes
Turn   | Place    | Note
-------+----------+-------------------------------------------
     0 | D:1      | Iich the Minotaur Fighter began the quest for the Orb.
     0 | D:1      | Reached XP level 1. HP: 19/19 MP: 0/0
   118 | D:1      | Reached skill level 3 in Axes
   118 | D:1      | Reached XP level 2. HP: 27/27 MP: 1/1
   320 | D:1      | Reached XP level 3. HP: 33/33 MP: 2/2
   432 | D:1      | Reached skill level 4 in Axes
  1289 | D:2      | Reached XP level 4. HP: 41/41 MP: 3/3
  1307 | D:3      | Noticed Jessica
  1581 | D:3      | Killed Jessica
  1582 | D:3      | Reached skill level 5 in Axes
  1812 | D:3      | Reached XP level 5. HP: 47/47 MP: 4/4
  1924 | D:3      | Reached skill level 5 in Fighting
  1926 | D:3      | Found Wyimmu Yhugg's Book Emporium.
  2423 | D:4      | Reached skill level 6 in Axes
  2492 | D:4      | Found a snail-covered altar of Cheibriados.
  2492 | D:4      | Found an iron altar of Okawaru.
  2570 | D:4      | Noticed Ijyb
  2577 | D:4      | Killed Ijyb
  2578 | D:4      | Reached XP level 6. HP: 40/56 MP: 5/5
  2692 | D:4      | Noticed Edmund
  2715 | D:4      | Mangled by Edmund

Illustrated notes

Levels and vault maps discovered:
D:1:      spicycebolla_arrival_ecumenical, layout_loops_ring
D:2:      layout_basic, hangedman_abyss_or_decor_stabs
D:3:      layout_basic, serial_shops, shop_fountains, minmay_gold_behind_fungi,
          grunt_ministairs_2, chequers_arboretum, uniq_jessica
D:4:      layout_basic, vehumet_statue, jmf_multi_god_temple2,
          chequers_temple_overflow_statue_of_worship, tgw_sif,
          saegor_snake_ambush, uniq_ijyb, uniq_edmund, uniq_blork_the_orc

Skill      XL: |  1  2  3  4  5 |
---------------+----------------+-----
Axes           | 3 4 5 6 |  6.8
Fighting       | 4 5 |  5.7
Armour         | |  3.6
Shields        | |  3.6

Action                     |  1- 3 |  4- 6 || total
---------------------------+-------+-------++-------
  Melee: War axe           |    86 |    77 ||   163
         Headbutt          |    18 |    12 ||    30
  Evoke: Wand              |       |     2 ||     2
    Use: Scroll            |     1 |     6 ||     7
         Potion            |       |     2 ||     2
 Armour: Scale mail        |    51 |    60 ||   111
  Dodge: Dodged            |    39 |    37 ||    76
  Block: Buckler           |    14 |    19 ||    33

Table legend: (Time is in decaauts)
 A = Elapsed time spent in this place.
 B = Non-inter-level travel time spent in this place.
 C = Inter-level travel time spent in this place.
 D = Time resting spent in this place.
 E = Time spent auto-exploring this place.
 F = Levels seen in this place.
 G = Mean time per level.
                   A        B        C        D        E       F      G
               +--------+--------+--------+--------+--------+-----+--------+
         Total |   2770 |   2660 |    110 |    251 |   1945 |   4 |  692.5 |
       Dungeon |   2770 |   2660 |    110 |    251 |   1945 |   4 |  692.5 |
               +--------+--------+--------+--------+--------+-----+--------+

Top non-repeatable levels by time:
     D:2: 934 daAuts
     D:3: 842 daAuts
     D:1: 672 daAuts
     D:4: 321 daAuts
